 Dungeon Crawl Stone Soup version 0.27.1 (console) character file.

Game seed: 2460674974024788254

212 thromnambular the Ducker (level 5, -1/22 HPs)
             Began as a Felid Warper on Aug 29, 2021.
             Was a Believer of Hepliaklqana.
             Slain by a goblin (2 damage)
             ... led by Robin
             ... on level 4 of the Dungeon.
             The game lasted 00:14:49 (5476 turns).

thromnambular the Ducker (Felid Warper)             Turns: 5476, Time: 00:14:49

Health: -1/22      AC:  2    Str:  8    XL:     5   Next: 58%
Magic:  9/9        EV: 19    Int: 16    God:    Hepliaklqana [**....]
Gold:   156        SH:  0    Dex: 15    Spells: 1/8 levels left
                                        Lives:  0   Deaths: 1

rFire    . . .     SeeInvis +     - Unarmed
rCold    . . .     Faith    .   (shield unavailable)
rNeg     . . .     Spirit   .   (armour unavailable)
rPois    .         Reflect  .   (helmet unavailable)
rElec    .         Harm     .   (cloak unavailable)
rCorr    .         Rampage  .   (gloves unavailable)
Will     .....                  (boots unavailable)
Stlth    +++.......             (no amulet)
HPRegen  0.07/turn              (no ring)
MPRegen  0.11/turn              (no ring)

@: brilliant, quick
A: reduced essence, very small, claws 1, fangs 3, see invisible, speed 1, shaggy
fur 2, stealthy paws, no weapons or thrown items, no armour, multi-lived
a: Renounce Religion, Recall Ancestor, Ancestor Identity


You were on level 4 of the Dungeon.
You worshipped Hepliaklqana.
Hepliaklqana was pleased with you.
You visited 1 branch of the dungeon, and saw 4 of its levels.

You collected 156 gold pieces.

Inventory:

Armour
 k - a +2 hat
Scrolls
 a - 2 scrolls of blinking
 d - 2 scrolls of amnesia
 f - a scroll of silence {unknown}
 g - a scroll of fear {unknown}
 i - a scroll of enchant weapon {unknown}
 l - a scroll of identify {unknown}
Potions
 b - a potion of mutation {unknown}
 c - a potion of resistance {unknown}
 e - a potion of flight {unknown}
 h - 2 potions of berserk rage {unknown}
 j - a potion of brilliance
 m - a potion of magic


   Skills:
 + Level 3.7 Fighting
 + Level 5.3 Dodging
 + Level 3.9 Stealth
 + Level 3.6 Unarmed Combat
 - Level 2.0 Spellcasting
 + Level 2.0 Necromancy
 - Level 4.7 Translocations


You had one spell level left.
You knew the following spells:

 Your Spells              Type           Power      Damage    Failure   Level
a - Blink                 Tloc           N/A        N/A       4%          2
b - Teleport Other        Tloc           25%        N/A       9%          3
c - Sublimation of Blood  Necr           6%         N/A       14%         2

Your spell library contained the following spells:

 Spells                   Type           Power      Damage    Failure   Level
 Gell's Gravitas          Tloc           12%        N/A       9%          3
 Lesser Beckoning         Tloc           12%        N/A       9%          3
 Manifold Assault         Tloc           25%        N/A       63%         5
 Iskenderun's Battlesphe  Conj           2%         2d6       99%         5
 Iron Shot                Conj/Erth      1%         9d1       100%        6
 Simulacrum               Ice/Necr       3%         N/A       100%        6
 Haunt                    Necr/Summ      3%         N/A       100%        7
 Spellforged Servitor     Conj/Summ      1%         N/A       100%        7
 Excruciating Wounds      Necr           Unusable   N/A       N/A         5

Dungeon Overview and Level Annotations

Branches:
Dungeon (4/15)
 Temple: D:4-7

Altars:
Hepliaklqana
Qazlal

Shops:
D:4 [

Annotations:
D:4 Ijyb, Robin


Innate Abilities, Weirdness & Mutations

Your life essence is reduced to manifest your ancestor. (-10% HP)
You have sharp claws.
You have razor-sharp teeth.
You have supernaturally acute eyesight. (SInv)
You cover ground quickly. (Speed+)
You are covered in thick fur. (AC +2)
Your paws help you pounce on unaware monsters.
You are incapable of wielding weapons or throwing items.
You cannot wear armour.
You gain extra lives every three experience levels.


Message History

Bubs's mind is blasted.
The giant cockroach barely misses Bubs.
Bubs barely misses the giant cockroach.
The giant cockroach bites Bubs but does no damage.
Bubs hits the giant cockroach with a +0 flail.
The giant cockroach barely misses Bubs.
Bubs hits the giant cockroach with a +0 flail.
The giant cockroach dies!
The hobgoblin hits you but does no damage.
You scratch the hobgoblin.
The hobgoblin is heavily wounded.
Bubs blocks Ijyb's attack.
Bubs hits Ijyb with a +0 flail.
You scratch the hobgoblin but do no damage.
The hobgoblin is heavily wounded.
The hobgoblin barely misses you.
Bubs blocks Ijyb's attack.
Bubs barely misses Ijyb.
You scratch the hobgoblin.
You bite the hobgoblin, but do no damage.
The hobgoblin is almost dead.
The hobgoblin misses you.
Bubs blocks Ijyb's attack.
Bubs hits Ijyb with a +0 flail.
You scratch the hobgoblin.
You kill the hobgoblin!
Ijyb zaps a wand.
You struggle to resist.
Bubs closely misses Ijyb.
Robin of the Strong Arm comes into view.
They are wielding a +0 spear.
Ijyb zaps a wand.
Your mind is blasted!
Ouch! That really hurt!
* * * LOW HITPOINT WARNING * * *
Bubs hits Ijyb with a +0 flail!
You scratch Ijyb.
Ijyb is severely wounded.
Ijyb barely misses you.
Bubs closely misses Ijyb.
Robin roars a battlecry!
It was a potion of brilliance.
You feel clever all of a sudden. Ijyb hits you with a +0 club.
* * * LOW HITPOINT WARNING * * *
Bubs barely misses Ijyb.
Robin throws the goblin at you!
It was a potion of magic.
Magic courses through your body. The goblin hits you with a +0 dagger.
You die...

.....##...##.#..#
......##...#.g..#
................# ###
#+##†######....######...
..##.# #.............
#.#..# #........8....
.)#..# #...##........
..'..# #....#.8......
..##.#+####..))#@g......
#.#...........)gR8......
..###...................
#+# #....##.....)...##..
..# #....<##.........# .
...##..##..............
#..##..# ...............
# .##..##?#....###...#.#
.. ....#..#...). ...#


You could see the friendly Bubs the knight, Ijyb (ally target), Robin and a
goblin (strong).

Vanquished Creatures
  Natasha (D:3)
  3 gnolls (D:4)
  2 dart slugs (D:2)
  4 orcs (D:3)
  3 endoplasms (D:1)
  A giant cockroach (D:3)
  15 goblins
  7 hobgoblins
  5 jackals
  8 ball pythons
  4 bats
  2 frilled lizards (D:2)
  8 kobolds
  3 rats
66 creatures vanquished.

Vanquished Creatures (collateral kills)
  An ogre (D:4)
  A scorpion (D:4)
  Natasha (twice) (D:3)
  An orc wizard (D:3)
  A hound skeleton (D:4)
  3 adders
  An orc (D:3)
  2 endoplasms
  A giant cockroach (D:4)
  5 goblins
  2 hobgoblins
  A jackal (D:2)
  2 kobolds (D:3)
23 creatures vanquished.

Vanquished Creatures (others)
  A knight (D:4)
1 creature vanquished.

Grand Total: 90 creatures vanquished

Notes
Turn   | Place    | Note
-------+----------+-------------------------------------------
     0 | D:1      | thromnambular the Felid Warper began the quest for the Orb.
     0 | D:1      | Reached XP level 1. HP: 9/9 MP: 4/4
   633 | D:1      | Reached XP level 2. HP: 13/13 MP: 6/6
   637 | D:1      | Learned a level 2 spell: Blink
  1453 | D:1      | Found a faded altar of an unknown god.
  1468 | D:1      | Became a worshipper of Hepliaklqana the Forgotten
  1468 | D:1      | Reached * piety under Hepliaklqana
  1992 | D:2      | Reached XP level 3. HP: 14/14 MP: 7/7
  2204 | D:2      | Learned a level 3 spell: Teleport Other
  2246 | D:2      | Reached skill level 1 in Stealth
  2393 | D:2      | Reached skill level 4 in Dodging
  2536 | D:2      | Reached ** piety under Hepliaklqana
  2537 | D:2      | Remembered your ancestor Bubs as a knight
  2973 | D:2      | Got Xaolaewn's Catalogue of Darkness
  3556 | D:3      | Noticed Natasha
  3564 | D:3      | Killed Natasha
  3565 | D:3      | Reached XP level 4. HP: 12/18 MP: 8/8
  3743 | D:3      | Learned a level 2 spell: Sublimation of Blood
  4018 | D:3      | Noticed Natasha
  4028 | D:3      | Killed Natasha
  4029 | D:3      | Reached XP level 5. HP: 12/21 MP: 9/9
  4088 | D:3      | Noticed Natasha
  4102 | D:3      | Killed Natasha
  4103 | D:3      | Reached skill level 1 in Necromancy
  4978 | D:3      | Found a faded altar of an unknown god.
  4978 | D:3      | Found a faded altar of an unknown god.
  4980 | D:3      | Found a hazy altar of Hepliaklqana.
  5069 | D:4      | Found Yhad's Antique Armour Shoppe.
  5286 | D:4      | Found a stormy altar of Qazlal.
  5328 | D:4      | Reached skill level 5 in Dodging
  5328 | D:4      | Gained mutation: You are covered in thick fur. (AC +2)
                  | [Felid growth]
  5328 | D:4      | Reached XP level 6. HP: 22/25 MP: 10/10
  5438 | D:4      | Killed by an exploding Bubs... ignited by their inner flame
  5439 | D:4      | Reached XP level 5. HP: -30/22 MP: 9/9
  5457 | D:4      | Noticed Ijyb
  5472 | D:4      | Noticed Robin
  5475 | D:4      | HP: 1/22 [Ijyb (4)]
  5476 | D:4      | Slain by a goblin

Illustrated notes

Levels and vault maps discovered:
D:1:      sevenhm_arrival_forest_fort_small_6, layout_loops_corners,
          hellmonk_ecumenical_altar_arch_garden, minmay_misc_feat_four_crosses
D:2:      layout_basic, minmay_tiny_reverse_x
D:3:      layout_rooms, nicolae_hepliaklqana_ecumenical_no_more,
          chequers_decorated_corner, moated_statue, guppyfry_early_orc_mine,
          uniq_natasha
D:4:      layout_cave_pools, general_overflow_altar,
          mainiacjoe_overflow_six_doors_small, serial_column_ruins,
          column_ruins_square_medium, column_ruins_corridor_straight,
          column_ruins_grid_3, column_ruins_open_tiny, column_ruins_open_medium,
          serial_shops, nicolae_stop_n_shop_1, nicolae_shop_behind_doors,
          nicolae_stop_n_shop_1, hangedman_decor_diamond_cutter, uniq_pikel,
          uniq_robin, uniq_ijyb, uniq_eustachio

Skill      XL: |  1  2  3  4  5  6 |
---------------+-------------------+-----
Stealth        | 2 3 |  3.9
Dodging        | 4 5 |  5.3
Fighting       | 3 |  3.7
Unarmed Combat | 3 |  3.6
Necromancy     | 1 2 |  2.0
Spellcasting   | |  2.0
Translocations | |  4.7

Action                   |  1- 3 |  4- 6 || total
-------------------------+-------+-------++-------
Melee: Unarmed           |   138 |    61 ||   199
       Bite              |     7 |     7 ||    14
       Punch             |       |     2 ||     2
 Cast: Teleport Other    |     1 |       ||     1
Invok: Recall Ancestor   |     2 |       ||     2
       Ancestor Life: Kn |     1 |       ||     1
       Ancestor Identity |     1 |       ||     1
  Use: Potion            |     1 |     3 ||     4
       Scroll            |       |     4 ||     4
 Stab: Sleeping          |     2 |     1 ||     3
Armor: Skin              |     6 |     4 ||    10
Dodge: Dodged            |   100 |    52 ||   152
